[Event "Team 45 45 League T43"]
[Site "Internet Chess Club"]
[Date "2009.12.07"]
[Round "6"]
[White "MeanMrMustard"]
[Black "playwaycool"]
[Result "0-1"]
[WhiteElo "1918"]
[BlackElo "2099"]
[Opening "Ruy Lopez: Wormald (Alapin) attack"]
[ECO "C77"]
[Time "20:04:07"]
[TimeControl "2700+45"]

1. e4 e5 2. Nf3 Nc6 3. Bb5 a6 4. Ba4 Nf6 5. Qe2 Be7 6. c3 b5 7. Bc2 d6 8. h3 O-O
9. O-O Re8 10. d3 h6 11. Be3 Bf8 12. Nbd2 d5 13. Rfe1 Rb8 14. exd5 Nxd5 15. Ne4
f5 16. Bb3 Be6 17. Nc5 Bf7 18. Nxa6 Ra8 19. Nb4 Ncxb4 20. cxb4 Bxb4 21. Rec1 Qf6
22. Bc5 Nf4 23. Bxf7+ Qxf7 24. Qf1 e4 25. dxe4 fxe4 26. Ng5 hxg5 27. Bxb4 Nd3
28. a3 Nxc1 29. Rxc1 Re5 30. Rc6 Rd8 31. Qc1 Red5 32. Qe3 Rd1+ 33. Kh2 Qf4+ 34.
Qxf4 gxf4 35. Rxc7 Re8 36. Bc3 e3 {White resigns} 0-1

[Event "Team 45 45 League T43"]
[Site "Internet Chess Club"]
[Date "2009.12.04"]
[Round "6"]
[White "xakelari"]
[Black "picante"]
[Result "1-0"]
[WhiteElo "2047"]
[BlackElo "1996"]
[Opening "Ruy Lopez: Berlin defense, Tarrasch trap"]
[ECO "C44"]
[Time "16:30:28"]
[TimeControl "2700+45"]

1. e4 e5 2. Nf3 Nc6 3. d4 d6 4. Bb5 Bd7 5. Nc3 Nf6 6. O-O Be7 7. Re1 O-O 8. Bxc6
Bxc6 9. dxe5 Ng4 10. exd6 Bxd6 11. h3 Ne5 12. Nd4 Bd7 13. Bf4 Qf6 14. Nd5 Qg6
15. Bxe5 {Black resigns} 1-0

[Event "Team 45 45 League T43"]
[Site "Internet Chess Club"]
[Date "2009.12.04"]
[Round "6"]
[White "ElCreyente"]
[Black "mdennis92"]
[Result "1/2-1/2"]
[WhiteElo "2295"]
[BlackElo "2196"]
[Opening "Réti opening"]
[ECO "A11"]
[Time "11:09:14"]
[TimeControl "2700+45"]

1. Nf3 d5 2. c4 c6 3. g3 Nf6 4. Bg2 dxc4 5. Qc2 Nbd7 6. Na3 Nb6 7. Nxc4 Nxc4 8.
Qxc4 Bf5 9. d3 e6 10. O-O Be7 11. b4 O-O 12. Bd2 Rc8 13. Rac1 c5 14. Qb5 b6 15.
Ne5 Bd6 16. Nc6 Qd7 17. a4 a6 18. Qxb6 Nd5 19. Bxd5 exd5 20. b5 axb5 21. axb5 h5
22. Rfe1 h4 23. e4 dxe4 24. dxe4 Bh3 25. Bc3 Qg4 26. Re3 Bf4 27. Qxc5 hxg3 28.
hxg3 Rfd8 29. Rce1 Bxe3 30. Qxe3 Re8 31. Kh2 Qh5 32. Qd4 Bg4+ 33. Kg1 Qh6 34.
Re3 Re6 35. Ne5 Bh3 36. g4 Rd6 37. Qa7 Rd1+ 38. Be1 Qf4 39. Qe7 Bxg4 40. b6 Be6
41. b7 Rb8 42. Qc7 Qg5+ 43. Kh2 Rxb7 44. Qxb7 Qxe5+ 45. Kg2 Qg5+ 46. Kh2 Qh4+
47. Kg2 Qh5 48. Qb8+ Kh7 49. Qh2 Qxh2+ 50. Kxh2 {Game drawn by mutual agreement}
1/2-1/2

[Event "Team 45 45 League T43"]
[Site "Internet Chess Club"]
[Date "2009.12.05"]
[Round "6"]
[White "kingcapture"]
[Black "Vaigpertu"]
[Result "1/2-1/2"]
[WhiteElo "2300"]
[BlackElo "2230"]
[Opening "Sicilian defense"]
[ECO "B40"]
[Time "17:00:24"]
[TimeControl "2700+45"]

1. e4 c5 2. Nf3 e6 3. d3 d6 4. g3 Nc6 5. Bg2 Nge7 6. O-O g6 7. d4 cxd4 8. Nxd4
Nxd4 9. Qxd4 e5 10. Qd3 Be6 11. Rd1 Nc6 12. Be3 Be7 13. Nc3 a6 14. Nd5 Bxd5 15.
exd5 Nb8 16. f4 Nd7 17. Bh3 O-O 18. Bxd7 Qxd7 19. fxe5 dxe5 20. d6 Bf6 21. c4 e4
22. Qxe4 Rfe8 23. Qf3 Re6 24. Rd2 Rxd6 25. Rad1 Rxd2 26. Rxd2 Qe6 27. Rf2 Be5
28. b3 h5 29. Qxb7 Rd8 30. Qf3 h4 31. Rd2 Rxd2 32. Bxd2 Bd4+ 33. Kh1 h3 34. a4
g5 35. g4 Kg7 36. Qd5 Qxd5+ 37. cxd5 Kf6 38. d6 Ke6 39. Bb4 f6 40. Ba3 Kd7 41.
b4 Kxd6 42. b5+ Kc7 43. bxa6 Kb6 44. a5+ Kxa6 45. Bc5 Bxc5 {White stalemated}
1/2-1/2

[Event "Team 45 45 League T43"]
[Site "Internet Chess Club"]
[Date "2009.12.07"]
[Round "6"]
[White "lluisdp"]
[Black "buendia"]
[Result "1/2-1/2"]
[WhiteElo "2042"]
[BlackElo "2034"]
[Opening "King's Indian: London system"]
[ECO "A48"]
[Time "10:14:09"]
[TimeControl "2700+45"]

1. d4 Nf6 2. Nf3 g6 3. Bf4 Bg7 4. c4 d6 5. h3 c6 6. e3 Nbd7 7. Be2 O-O 8. O-O
Re8 9. Nc3 a6 10. Re1 b5 11. a3 Qb6 12. Bf1 Bb7 13. e4 e5 14. dxe5 dxe5 15. Be3
Qd8 16. Qc2 Qe7 17. b4 Rac8 18. c5 h6 19. Rad1 Rcd8 20. Rd6 Nf8 21. Red1 Nh5 22.
Qd2 Bf6 23. Bxh6 Ne6 24. Rd7 Rxd7 25. Qxd7 Nd4 26. Qxe7 Rxe7 27. Be3 Nc2 28. Bc1
Nd4 29. Be3 Nc2 30. Bc1 Nd4 31. Be3 {Game drawn by repetition} 1/2-1/2

[Event "Team 45 45 League T43"]
[Site "Internet Chess Club"]
[Date "2009.12.04"]
[Round "6"]
[White "Jack-ONeill"]
[Black "PopolVuh"]
[Result "1/2-1/2"]
[WhiteElo "2015"]
[BlackElo "1890"]
[Opening "English: symmetrical, main line with d4"]
[ECO "A39"]
[Time "10:03:28"]
[TimeControl "2700+45"]

1. c4 Nf6 2. Nf3 c5 3. g3 g6 4. Bg2 Bg7 5. O-O O-O 6. Nc3 Nc6 7. d4 cxd4 8. Nxd4
Ng4 9. e3 d6 10. Nde2 Bf5 11. b3 Qa5 12. Bb2 Nge5 13. e4 Bg4 14. f3 Be6 15. Kh1
a6 16. Rc1 Rac8 17. Ba1 b5 18. cxb5 axb5 19. Qd2 Rfd8 20. Nf4 Bh6 21. Qe2 b4 22.
Ncd5 Bxd5 23. exd5 Na7 24. Bh3 Rxc1 25. Rxc1 Nb5 26. Bxe5 dxe5 27. Rc5 exf4 28.
Rxb5 Qa7 29. Qd2 Qe3 30. Qxe3 fxe3 31. Bf1 Ra8 32. Rxb4 Rxa2 33. Re4 Rf2 34. Bc4
Kf8 35. f4 g5 36. Rxe3 gxf4 37. gxf4 Rxh2+ 38. Kxh2 Bxf4+ 39. Kh3 Bxe3 40. Kg4
Kg7 41. Bd3 h6 42. Kf5 Kf8 43. Be2 Ke8 44. Ke5 Kd7 45. Bg4+ Kc7 46. b4 Bd2 47.
b5 Bc3+ 48. Ke4 Kb6 49. Bh5 {Game drawn by mutual agreement} 1/2-1/2

[Event "Team 45 45 League T43"]
[Site "Internet Chess Club"]
[Date "2009.12.03"]
[Round "6"]
[White "easycure"]
[Black "SlimeDog2"]
[Result "1-0"]
[WhiteElo "2407"]
[BlackElo "2182"]
[Opening "Grünfeld: Grünfeld gambit accepted"]
[ECO "D84"]
[Time "21:03:05"]
[TimeControl "2700+45"]

1. d4 Nf6 2. c4 g6 3. Nc3 d5 4. Bf4 Bg7 5. e3 O-O 6. cxd5 Nxd5 7. Nxd5 Qxd5 8.
Bxc7 Na6 9. Bxa6 Qxg2 10. Qf3 Qxf3 11. Nxf3 bxa6 12. Rc1 Bb7 13. Ke2 f6 14. Rhd1
Rfc8 15. d5 f5 16. b3 h6 17. b4 Kf7 18. Rc5 Ke8 19. Be5 Bf8 20. h4 Kd7 21. Bb2
a5 22. Ne5+ Ke8 23. Rxa5 Rc2+ 24. Rd2 Rxd2+ 25. Kxd2 e6 26. a3 Bxd5 27. Nxg6 Be7
28. Nf4 Ba2 29. Bd4 a6 30. b5 Kd7 31. Rxa6 Rxa6 32. bxa6 Kc6 33. h5 Bd6 34. Bg7
Bxf4 35. exf4 Bd5 36. Ke3 {Black resigns} 1-0

[Event "Team 45 45 League T43"]
[Site "Internet Chess Club"]
[Date "2009.12.06"]
[Round "6"]
[White "AMAV"]
[Black "jorobo"]
[Result "0-1"]
[WhiteElo "2015"]
[BlackElo "2162"]
[Opening "Queen's gambit declined"]
[ECO "D30"]
[Time "10:19:09"]
[TimeControl "2700+45"]

1. d4 d5 2. c4 e6 3. Nf3 Nf6 4. e3 Be7 5. cxd5 exd5 6. Be2 O-O 7. O-O c6 8. b3
Bf5 9. Ba3 Bxa3 10. Nxa3 Qd6 11. Nb1 Nbd7 12. Nc3 h6 13. h3 Rfe8 14. Bd3 Bxd3
15. Qxd3 Ne4 16. Rac1 Ndf6 17. Nd2 Nxd2 18. Qxd2 Re6 19. Qb2 Rae8 20. b4 Nd7 21.
b5 Nb6 22. bxc6 bxc6 23. Qb3 Nc4 24. Rc2 f5 25. Na4 f4 26. Nc5 f3 27. Nxe6 fxg2
28. Kxg2 Rxe6 29. Rxc4 Rg6+ 30. Kh1 Qe6 31. Kh2 dxc4 32. Qb8+ Kh7 33. Qe5 Qf7
34. Qe4 Kg8 35. f4 Re6 36. Qf3 Qf5 37. Re1 Qd3 38. Kg2 Kf7 39. Kf2 Ke7 40. Qe2
Qxe2+ 41. Kxe2 Kd6 42. Kf3 Kd5 43. Rc1 c5 44. dxc5 Kxc5 45. e4 Ra6 46. Rc2 Ra3+
47. Kg4 Kd4 48. e5 Re3 49. Kf5 c3 50. Kg6 Kd3 51. Rc1 Kd2 52. Ra1 c2 53. Kxg7
Re1 54. Rxe1 Kxe1 55. e6 c1=Q 56. e7 Qc7 57. Kf7 Qxf4+ 58. Kg8 Qe5 59. Kf7 Qf5+
60. Kg7 Qe6 61. Kf8 Qf6+ 62. Ke8 h5 63. Kd7 Qf5+ 64. Kc7 Qe6 65. Kd8 Qd6+ 66.
Ke8 h4 67. Kf7 Qd5+ 68. Kf8 Qf5+ 69. Kg7 Qe6 70. Kf8 Qf6+ 71. Ke8 Kf2 72. Kd7
Qf5+ 73. Kd6 Qc8 74. Ke5 Kg3 75. Kf6 Qe8 {White resigns} 0-1

[Event "Team 45 45 League T43"]
[Site "Internet Chess Club"]
[Date "2009.12.05"]
[Round "6"]
[White "Ser-Enigma"]
[Black "Cristina"]
[Result "1-0"]
[WhiteElo "2153"]
[BlackElo "2050"]
[Opening "Queen's pawn"]
[ECO "A40"]
[Time "08:02:05"]
[TimeControl "2700+45"]

1. d4 e6 2. Nf3 f5 3. g3 Nf6 4. Bg2 d5 5. O-O c5 6. c4 Nc6 7. cxd5 Nxd5 8. Nc3
cxd4 9. Nxd4 Nxc3 10. bxc3 Bd7 11. Nb5 Qb8 12. e4 a6 13. exf5 e5 14. Qh5+ Kd8
15. Na3 b5 16. Nc2 Kc7 17. Ne3 Qe8 18. Qf3 Bc5 19. Nd5+ Kb7 20. Be3 Qf8 21. f6
g6 22. Bxc5 Qxc5 23. Ne7 Kb6 24. Rfd1 Nxe7 25. Rxd7 Nc6 26. a4 Rad8 27. Rg7 Rb8
28. Rb1 Na5 29. axb5 axb5 30. Rd7 Ka6 31. Rd5 Qc7 32. Qe3 Rhf8 33. Bf1 Nc4 34.
Ra1+ Na5 35. c4 {Black resigns} 1-0

[Event "Team 45 45 League T43"]
[Site "Internet Chess Club"]
[Date "2009.12.06"]
[Round "6"]
[White "Matusalen"]
[Black "gaibo4ever"]
[Result "0-1"]
[WhiteElo "1988"]
[BlackElo "2113"]
[Opening "Réti: King's Indian attack"]
[ECO "A05"]
[Time "13:00:13"]
[TimeControl "2700+45"]

1. Nf3 Nf6 2. g3 g6 3. Bg2 Bg7 4. O-O d5 5. d3 O-O 6. Nbd2 c5 7. e4 Nc6 8. c3 b6
9. e5 Nd7 10. d4 Bb7 11. Re1 cxd4 12. cxd4 Rc8 13. a3 Re8 14. Bh3 e6 15. Nf1 b5
16. Bf4 Qb6 17. b4 a5 18. Qd2 axb4 19. axb4 Bf8 20. Reb1 Ra8 21. Rxa8 Rxa8 22.
Ne3 Bc8 23. Ng4 Ra4 24. Bh6 Rxb4 25. Rxb4 Bxb4 26. Qf4 Be7 27. Bg5 Bf8 28. Bh6
Be7 29. Bg5 Bf8 30. Bh6 Qd8 31. Bxf8 Qxf8 32. Nh6+ Kg7 33. Ng5 Nd8 34. Ng4 b4
35. Bf1 b3 36. Bd3 b2 37. Kg2 Ba6 38. Bb1 Qb4 39. Nxh7 Kxh7 40. Bxg6+ fxg6 41.
Qh6+ Kg8 42. Qxg6+ Kf8 43. Qh6+ Ke8 44. Qh8+ Qf8 45. Qh7 Bc4 46. Qc2 Qb4 47.
Qg6+ Nf7 48. Qxe6+ Qe7 49. Qc6 b1=Q 50. Nf6+ Qxf6 51. exf6 Qf1+ 52. Kf3 Ne5+ 53.
dxe5 Qh1+ 54. Kg4 Qe4+ 55. f4 Qg6+ 56. Kf3 Qh5+ 57. Kg2 Qf5 58. e6 Qe4+ 59. Kh3
Qf5+ 60. Kg2 Qc2+ 61. Kg1 Qc1+ 62. Kf2 Qd2+ 63. Kg1 Qe1+ {White resigns} 0-1

[Event "Team 45 45 League T43"]
[Site "Internet Chess Club"]
[Date "2009.12.07"]
[Round "6"]
[White "AugustoCaruso"]
[Black "f5"]
[Result "1-0"]
[WhiteElo "2146"]
[BlackElo "2130"]
[Opening "Sicilian: closed, 2...Nc6"]
[ECO "B23"]
[Time "14:11:02"]
[TimeControl "2700+45"]

1. e4 c5 2. Nc3 Nc6 3. Bb5 g6 4. Bxc6 dxc6 5. d3 Bg7 6. f4 Nf6 7. Nf3 Bg4 8. O-O
O-O 9. Qe1 Bxf3 10. Rxf3 e6 11. Be3 Ng4 12. Bxc5 Bd4+ 13. Bxd4 Qxd4+ 14. Kh1 f5
15. h3 Nf6 16. exf5 exf5 17. Qe5 Qd7 18. Qc5 b6 19. Qc4+ Kg7 20. Re1 Rfe8 21.
Rfe3 Rxe3 22. Rxe3 Re8 23. Rxe8 Qxe8 24. Qd4 Qe1+ 25. Kh2 Qd2 26. Qe5 g5 27.
fxg5 Qxg5 28. Ne4 {Black resigns} 1-0

[Event "Team 45 45 League T43"]
[Site "Internet Chess Club"]
[Date "2009.12.06"]
[Round "6"]
[White "Zebbile"]
[Black "TerryMalloy"]
[Result "1-0"]
[WhiteElo "2028"]
[BlackElo "2002"]
[Opening "Queen's bishop game"]
[ECO "D02"]
[Time "09:19:14"]
[TimeControl "2700+45"]

1. Nf3 Nf6 2. d4 d5 3. Bf4 c5 4. e3 Nc6 5. c3 Qb6 6. Qb3 c4 7. Qc2 Bf5 8. Qc1
Nh5 9. Bg5 h6 10. Bh4 g5 11. Bg3 Bg7 12. Be2 Nxg3 13. hxg3 O-O 14. Nbd2 Qc7 15.
O-O b5 16. b4 a5 17. a3 Ra6 18. Qb2 axb4 19. axb4 Rfa8 20. Rxa6 Rxa6 21. Ra1 Qa7
22. Rxa6 Qxa6 23. Nb1 Bxb1 24. Qxb1 Qa3 25. Qc2 Qa1+ 26. Kh2 e5 27. Qf5 exd4 28.
exd4 Qxc3 29. Qc8+ Bf8 30. Qxc6 Qxb4 31. Qxd5 Bg7 32. Ne5 Bxe5 33. dxe5 Qb2 34.
e6 fxe6 35. Qxe6+ Kg7 36. Qe7+ Kg8 37. Bg4 Qg7 38. Be6+ Kh7 39. Qe8 Qg6 40. Qd7+
Qg7 41. Bf5+ Kh8 42. Qe8+ Qg8 43. Qxb5 Qf7 44. Qb8+ Kg7 45. Qe5+ Qf6 46. Qxf6+
Kxf6 47. Bc2 c3 48. g4 Ke5 49. Kg3 Kd4 50. Kf3 Kc4 {Black resigns} 1-0

[Event "Team 45 45 League T43"]
[Site "Internet Chess Club"]
[Date "2009.12.07"]
[Round "6"]
[White "martineden"]
[Black "Chessduke"]
[Result "0-1"]
[WhiteElo "1938"]
[BlackElo "2156"]
[Opening "QGD semi-Slav"]
[ECO "D43"]
[Time "12:01:35"]
[TimeControl "2700+45"]

1. d4 d5 2. c4 c6 3. Nf3 Nf6 4. Nc3 e6 5. Bg5 h6 6. Bh4 dxc4 7. a4 Bb4 8. e3 b5
9. Be2 Bb7 10. O-O a6 11. Nd2 Nbd7 12. Bf3 Qb6 13. Nde4 Nxe4 14. Nxe4 O-O 15.
Bg3 Rad8 16. Nd6 Ba8 17. Qc2 c5 18. axb5 axb5 19. Rfd1 Bxf3 20. gxf3 cxd4 21.
Rxd4 e5 22. Nc8 Qb7 23. Nd6 Qc6 24. Nxf7 exd4 25. Nxd8 Rxd8 26. exd4 Qxf3 27.
Qg6 Qf6 28. Qg4 Nf8 29. Ra7 Qxd4 {White resigns} 0-1

[Event "Team 45 45 League T43"]
[Site "Internet Chess Club"]
[Date "2009.12.06"]
[Round "6"]
[White "noblitz-oblige"]
[Black "Giacometti"]
[Result "1-0"]
[WhiteElo "1716"]
[BlackElo "1758"]
[Opening "Caro-Kann: anti-anti-Caro-Kann defense"]
[ECO "B10"]
[Time "09:00:12"]
[TimeControl "2700+45"]

1. e4 c6 2. c4 d5 3. cxd5 cxd5 4. exd5 Nf6 5. Nc3 Nxd5 6. Nf3 Nc6 7. Bc4 Nb6 8.
Bb3 e6 9. O-O Be7 10. d4 Nb4 11. Bf4 O-O 12. Rc1 N4d5 13. Bg3 a6 14. a4 Bb4 15.
Qd3 Bxc3 16. bxc3 a5 17. Bh4 Qe8 18. Bc2 g6 19. Qd2 Kg7 20. Bg5 Rg8 21. Bh6+ Kh8
22. Rfe1 f6 23. Be4 Qf7 24. c4 Ne7 25. Qf4 Nf5 26. g4 Nxh6 27. Qxh6 Nxa4 28. d5
exd5 29. Bxd5 Be6 30. Bxe6 Qg7 31. Qxg7+ Rxg7 32. Bd5 Nc5 33. Rb1 Rb8 34. Rb5 a4
35. Rxc5 Ra8 36. Rb5 a3 37. Ra1 Ra7 38. Nd4 Re7 39. Kf1 h5 40. gxh5 gxh5 41. Nc2
{Black resigns} 1-0

[Event "Team 45 45 League T43"]
[Site "Internet Chess Club"]
[Date "2009.12.12"]
[Round "6"]
[White "DanMcClintic"]
[Black "RD1974"]
[Result "0-1"]
[WhiteElo "1595"]
[BlackElo "1656"]
[Opening "English opening"]
[ECO "A10"]
[Time "14:11:50"]
[TimeControl "2700+45"]

1. c4 Nc6 2. g3 e5 3. Bg2 d6 4. Nc3 Nf6 5. d3 g6 6. Bg5 Bg7 7. Nd5 h6 8. Nxf6+
Bxf6 9. Bd2 Bg7 10. Rb1 O-O 11. b4 Rb8 12. b5 Nd4 13. e3 Ne6 14. Ne2 Nc5 15. Bc3
Bf5 16. e4 Bg4 17. O-O Qd7 18. f3 Be6 19. Ba1 f5 20. Nc3 c6 21. a4 h5 22. exf5
Bxf5 23. Ne4 Ne6 24. h3 d5 25. g4 hxg4 26. fxg4 Bxe4 27. Rxf8+ Rxf8 28. dxe4 d4
29. Bc3 c5 30. Be1 Qe7 31. Rb2 Nf4 32. Bg3 Bh6 33. h4 Nxg2 34. Kxg2 Bf4 35. Qd3
Bxg3 36. Qxg3 Kg7 37. a5 Rf4 38. Rf2 Rxe4 39. h5 Re3 40. Rf3 Qg5 41. hxg6 Kxg6
42. Kf2 Rxf3+ 43. Qxf3 Qf4 44. Qxf4 exf4 45. Kf3 d3 46. b6 a6 47. Kf2 Kg5 48.
Kf3 Kh4 49. Kxf4 d2 50. g5 d1=Q 51. g6 Qf1+ 52. Ke5 Qf8 53. Ke6 Kg5 54. g7 Qxg7
55. Kd6 Qd4+ 56. Kc7 Qxc4 57. Kxb7 Qb5 58. Ka8 Qxa5 59. Ka7 c4 60. b7 Qc7 61.
Kxa6 c3 62. Ka7 c2 63. Ka8 Qa5+ 64. Kb8 Qd8+ 65. Ka7 c1=Q 66. b8=N Qdc7+ 67. Ka8
Qa3+ 68. Na6 Qxa6# {White checkmated} 0-1

[Event "Team 45 45 League T43"]
[Site "Internet Chess Club"]
[Date "2009.12.02"]
[Round "6"]
[White "OGO"]
[Black "cobra2008"]
[Result "0-1"]
[WhiteElo "1500"]
[BlackElo "1678"]
[Opening "Ruy Lopez: Berlin defense, Beverwijk variation"]
[ECO "C65"]
[Time "13:00:09"]
[TimeControl "2700+45"]

1. e4 e5 2. Nf3 Nc6 3. Bb5 Nf6 4. O-O Bc5 5. Bxc6 dxc6 6. c3 Bg4 7. d3 Qe7 8.
Be3 Bxe3 9. fxe3 O-O-O 10. Qc2 Bxf3 11. Rxf3 Rd7 12. Nd2 c5 13. Rd1 Rhd8 14. Nf1
Nxe4 15. d4 exd4 16. exd4 cxd4 17. cxd4 Rxd4 18. Re1 f6 19. Rfe3 f5 20. Ng3 Qf6
21. Nxe4 fxe4 22. Rxe4 Rd2 23. Qc5 Qxb2 24. Rc4 Rxg2+ 25. Kf1 c6 26. Qf5+ Kb8
27. Qf4+ Ka8 28. Rce4 Rg6 29. R1e2 Qa1+ 30. Re1 Qxa2 31. R1e2 Qb1+ 32. Re1 Qd3+
33. Kf2 Qh3 34. Re8 Rg2+ 35. Kf1 Rxh2+ {White resigns} 0-1

[Event "Team 45 45 League T43"]
[Site "Internet Chess Club"]
[Date "2009.12.06"]
[Round "6"]
[White "badmove"]
[Black "islanderpfeifer"]
[Result "1-0"]
[WhiteElo "1634"]
[BlackElo "1523"]
[Opening "Sicilian defense"]
[ECO "B20"]
[Time "15:25:45"]
[TimeControl "2700+45"]

1. e4 c5 2. Na3 e6 3. g3 Nc6 4. Bg2 Nf6 5. d3 Be7 6. f4 d6 7. Nf3 O-O 8. O-O Re8
9. c3 d5 10. e5 Nd7 11. Nc2 f6 12. d4 cxd4 13. cxd4 Qc7 14. Be3 Nb6 15. b3 Nd7
16. h3 Nf8 17. g4 Ng6 18. Qe1 fxe5 19. dxe5 Ncxe5 20. Nxe5 Qxc2 21. Rf2 Qc7 22.
Rc1 Qd6 23. Bc5 Qd8 24. Nxg6 Bxc5 25. Rxc5 hxg6 26. Re2 Qb6 27. b4 a5 28. Kh1
axb4 29. Rxd5 Ra5 30. f5 Rxd5 31. Bxd5 gxf5 32. gxf5 Kf7 33. Qh4 Bd7 34. Qh5+
Kg8 35. Bxe6+ Bxe6 36. Qxe8+ Kh7 37. Qxe6 Qc7 38. Qg6+ {Black resigns} 1-0

[Event "Team 45 45 League T43"]
[Site "Internet Chess Club"]
[Date "2009.12.06"]
[Round "6"]
[White "Wheels"]
[Black "cknights"]
[Result "1-0"]
[WhiteElo "2004"]
[BlackElo "1723"]
[Opening "Sicilian: closed"]
[ECO "B23"]
[Time "11:55:38"]
[TimeControl "2700+45"]

1. e4 c5 2. Nc3 d6 3. f4 e6 4. Nf3 Nd7 5. Bb5 a6 6. Bxd7+ Bxd7 7. O-O Be7 8. d3
Qc7 9. Bd2 Nf6 10. Qe1 O-O 11. Nh4 Rfe8 12. f5 e5 13. Qg3 Nh5 14. Qg4 Nf6 15.
Qg3 Nh5 16. Qf3 Nf6 17. Qe2 Qb6 18. Rab1 Rac8 19. Be3 Qc7 20. Nf3 b5 21. Bg5 Bc6
22. Nd1 h6 23. Be3 d5 24. exd5 Nxd5 25. Bd2 Bf6 26. Re1 Re7 27. Nc3 Rce8 28. Ne4
Bb7 29. b3 Qc6 30. Qf2 Kh8 31. Qxc5 Qd7 32. c4 Nf4 33. Bxf4 Bxe4 34. dxe4 exf4
35. Rbd1 Qb7 36. e5 Bg5 37. cxb5 axb5 38. Qd5 Qb6+ 39. Qd4 Qb7 40. h4 Bxh4 41.
Nxh4 Qc7 42. e6 Kh7 43. Qe4 Kg8 44. exf7+ Kxf7 45. Qd5+ Kf6 46. Rxe7 Rxe7 47.
Qd6+ Qxd6 48. Rxd6+ Kf7 49. Kf2 Ra7 50. Rd2 Kf6 51. Kf3 Kg5 52. Ng6 Kxf5 53.
Nxf4 g5 54. g4+ Ke5 55. Rd5+ Kf6 56. Nh5+ Kg6 57. Rxb5 Rxa2 58. Rb6+ Kh7 59. b4
Ra3+ 60. Ke4 Rb3 61. b5 Rb1 62. Rb8 Kg6 63. b6 Rb4+ 64. Ke5 Rxg4 65. Nf6 Rb4 66.
b7 Rb5+ 67. Ke6 Rb6+ 68. Ke7 Kf5 69. Nd7 Re6+ 70. Kf7 Re4 71. Re8 Rb4 72. b8=Q
Rxb8 73. Rxb8 g4 74. Rb5+ Kf4 75. Rb4+ Kg3 76. Nf6 h5 77. Nxh5+ Kh3 78. Kg6 g3
79. Rb3 Kh4 80. Nxg3 Kg4 81. Ne4 Kf4 82. Nf6 Ke5 83. Re3+ Kd4 84. Re8 Kd3 85.
Kf5 Kd4 86. Nh7 Kd5 87. Rd8+ Kc4 88. Ke5 Kc3 89. Ke4 Kc4 90. Rc8+ Kb5 91. Kd4
Kb6 92. Kd5 Kb7 93. Rc1 Kb6 94. Ng5 Kb7 95. Kd6 Kb8 96. Kd7 Ka7 97. Kc6 Ka8 98.
Kc7 Ka7 99. Ra1# {Black checkmated} 1-0

[Event "Team 45 45 League T43"]
[Site "Internet Chess Club"]
[Date "2009.12.07"]
[Round "6"]
[White "achessfool"]
[Black "Portola"]
[Result "0-1"]
[WhiteElo "1526"]
[BlackElo "1766"]
[Opening "Sicilian: dragon, Yugoslav attack, 10.O-O-O"]
[ECO "B78"]
[Time "22:30:10"]
[TimeControl "2700+45"]

1. e4 c5 2. Nf3 d6 3. d4 cxd4 4. Nxd4 Bd7 5. Nc3 Nc6 6. Bc4 Nf6 7. f3 g6 8. Be3
Bg7 9. Qd2 O-O 10. O-O-O a6 11. h4 h5 12. Kb1 Na5 13. Bb3 b5 14. Rdg1 Nc4 15.
Bxc4 bxc4 16. g4 hxg4 17. fxg4 Bxg4 18. Rxg4 Nxg4 19. Bg5 Nf6 20. Nd5 Nxd5 21.
exd5 c3 22. Qxc3 Qb6 23. Be3 Rab8 24. b3 Rfc8 25. Qd3 Qc7 26. Nc6 Ra8 27. Bg5
Re8 28. h5 Qd7 29. h6 Bf6 30. Bxf6 exf6 31. Qg3 Kh7 32. Nd4 Re5 33. Qf4 f5 34.
Nf3 Rxd5 35. Ng5+ Kh8 36. Qc4 Re5 37. Nxf7+ Kh7 38. Nxe5 dxe5 39. Qe2 e4 40. Qe3
Rc8 41. Qb6 Qc6 42. Qa7+ Rc7 43. Qf2 e3 44. Qe2 Qxh1+ 45. Kb2 Qc6 46. c4 f4 47.
Qd3 Rd7 48. Qc3 Kxh6 49. Qh8+ Kg5 50. Qe5+ Kg4 51. Qh8 e2 52. Qh1 Qxh1 {White
resigns} 0-1

[Event "Team 45 45 League T43"]
[Site "Internet Chess Club"]
[Date "2009.12.05"]
[Round "6"]
[White "g8wrb"]
[Black "TheronUAL"]
[Result "1-0"]
[WhiteElo "1431"]
[BlackElo "1447"]
[Opening "QGD Slav: Krause attack"]
[ECO "D17"]
[Time "12:11:53"]
[TimeControl "2700+45"]

1. d4 d5 2. c4 Nf6 3. Nc3 c6 4. Nf3 dxc4 5. a4 Bf5 6. Ne5 Nbd7 7. Nxc4 e6 8. Bg5
h6 9. Bh4 Be7 10. f3 Nd5 11. Bxe7 Qxe7 12. e4 Nxc3 13. bxc3 Bh7 14. Qd2 Rd8 15.
Qf2 c5 16. Be2 O-O 17. O-O b6 18. Rfd1 Nf6 19. Ne5 Rd6 20. Nc4 Rdd8 21. Ne5 Rd6
22. Bb5 Qb7 23. Nc4 Rdd8 24. Ne5 Bxe4 25. fxe4 Nxe4 26. Qf3 f5 27. Bc6 Qe7 28.
Bxe4 fxe4 29. Qxe4 Qg5 30. Nc6 Rd6 31. Nxa7 Rf4 32. Qe5 Qxe5 33. dxe5 Rxd1+ 34.
Rxd1 Re4 35. Nc6 Rxa4 36. Nd8 Rc4 37. Rd3 Re4 38. Nxe6 Rxe5 39. Nc7 c4 40. Rd4
Rc5 41. Na6 Rc6 42. Kf2 b5 43. Nb4 Rc8 44. Ke3 Re8+ 45. Kd2 Kf7 46. Rd7+ Re7 47.
Rxe7+ Kxe7 48. Ke3 g6 49. Kd4 Kd6 50. Nd5 g5 51. g4 Kc6 52. Ne3 Kb6 53. Nf5 Ka5
54. Nxh6 Ka4 55. Nf7 Kb3 56. Nxg5 b4 57. Ne4 {Black resigns} 1-0

[Event "Team 45 45 League T43"]
[Site "Internet Chess Club"]
[Date "2009.12.04"]
[Round "6"]
[White "BishopMike"]
[Black "AtomicDog"]
[Result "1-0"]
[WhiteElo "1512"]
[BlackElo "1302"]
[Opening "Sicilian"]
[ECO "B56"]
[Time "12:43:53"]
[TimeControl "2700+45"]

1. e4 c5 2. Nf3 d6 3. d4 cxd4 4. Nxd4 Nf6 5. Nc3 e5 6. Nf3 Be7 7. Be2 O-O 8. O-O
Be6 9. Nd5 Nxd5 10. exd5 Bf5 11. c4 Na6 12. a3 Nc5 13. b4 Ne4 14. Bd3 Nc3 15.
Qc2 Bxd3 16. Qxd3 Na4 17. Qc2 Nb6 18. Be3 Rc8 19. Bxb6 Qxb6 20. Rab1 f5 21. c5
Qd8 22. c6 bxc6 23. dxc6 g5 24. Rfd1 g4 25. Nxe5 Qc7 26. Qc4+ Kg7 27. Nd7 Qxd7
28. Qd4+ {Black resigns} 1-0

[Event "Team 45 45 League T43"]
[Site "Internet Chess Club"]
[Date "2009.12.05"]
[Round "6"]
[White "parrot9"]
[Black "Electryon"]
[Result "1-0"]
[WhiteElo "1745"]
[BlackElo "1400"]
[Opening "Sicilian: accelerated fianchetto, Breyer variation"]
[ECO "B39"]
[Time "14:08:55"]
[TimeControl "2700+45"]

1. e4 c5 2. Nf3 Nc6 3. d4 cxd4 4. Nxd4 g6 5. c4 Bg7 6. Be3 Nf6 7. Nc3 Ng4 8.
Qxg4 Nxd4 9. Qd1 Ne6 10. Qd2 O-O 11. Be2 d6 12. O-O Qa5 13. f4 Bxc3 14. bxc3 Nc5
15. Bf3 Be6 16. Qd4 Na4 17. f5 Bd7 18. Bh6 Qxc3 19. Qxc3 Nxc3 20. Bxf8 Kxf8 21.
fxg6 hxg6 22. Rfc1 Na4 23. e5 Bc6 24. exd6 exd6 25. Bxc6 bxc6 26. Rab1 Nc5 27.
Rd1 Ke7 28. Re1+ Kd7 29. Re2 f5 30. h3 Rh8 31. Kh2 Rh4 32. Rb4 a5 33. Rb8 Rxc4
34. Ra8 a4 35. Ra7+ Kd8 36. Ree7 Re4 37. Rg7 {Black resigns} 1-0

[Event "Team 45 45 League T43"]
[Site "Internet Chess Club"]
[Date "2009.12.04"]
[Round "6"]
[White "EyeAm"]
[Black "FractalDante"]
[Result "1-0"]
[WhiteElo "1612"]
[BlackElo "1421"]
[Opening "Sicilian: closed"]
[ECO "B24"]
[Time "15:00:20"]
[TimeControl "2700+45"]

1. e4 c5 2. Nc3 Nc6 3. g3 g6 4. Bg2 Bg7 5. d3 Nf6 6. Be3 d6 7. Nf3 Ng4 8. Bf4
Qb6 9. Na4 Qa5+ 10. Nc3 Bxc3+ 11. bxc3 Qxc3+ 12. Bd2 Qf6 13. O-O O-O 14. Rb1
Nge5 15. Ne1 Qg7 16. c3 a6 17. f4 Nd7 18. Nc2 Nf6 19. Ne3 Rb8 20. e5 Nd7 21.
exd6 exd6 22. Nc4 Qf6 23. g4 b5 24. g5 Qd8 25. Nxd6 Ne7 26. Re1 Nb6 27. Nxc8
Nexc8 28. f5 Qxd3 29. Bf4 Qxd1 30. Rbxd1 Na7 31. Bxb8 Rxb8 32. Re7 {Black
resigns} 1-0